 Dungeon Crawl Stone Soup version 0.23.2-33-g5129a83184 (webtiles) character file.

Game seed: 11363284246002922970

54 Ceapi the Slasher (level 3, -1/29 HPs)
             Began as a Demonspawn Abyssal Knight on July 17, 2019.
             Was a Follower of Lugonu.
             Slain by Terence
             ... wielding a +0 falchion
              (2 damage)
             ... on level 2 of the Dungeon.
             The game lasted 00:04:49 (1291 turns).

Ceapi the Slasher (Demonspawn Abyssal Knight)       Turns: 1291, Time: 00:04:50

Health: -1/29      AC:  5    Str: 13    XL:     3   Next: 66%
Magic:  5/5        EV: 10    Int: 13    God:    Lugonu [*.....]
Gold:   42         SH:  0    Dex: 12    Spells: 2/2 levels left

rFire    . . .     SeeInvis .   a - +1 falchion
rCold    + . .     Gourm    .   (no shield)
rNeg     . . .     Faith    .   i - +0 ring mail
rPois    .         Spirit   .   (no helmet)
rElec    .         Reflect  .   (no cloak)
rCorr    .         Harm     .   (no gloves)
MR       .....                  (no boots)
Stlth    +.........             (no amulet)
HPRegen  0.09/turn              (no ring)
MPRegen  0.09/turn              (no ring)

@: no status effects
A: cold resistance 1, powered by death 1
a: Depart the Abyss, Renounce Religion


You were on level 2 of the Dungeon.
You worshipped Lugonu.
Lugonu was aware of your devotion.
You were hungry.

You visited 1 branch of the dungeon, and saw 2 of its levels.
You visited the Abyss 1 time.

You collected 42 gold pieces.

Inventory:

Hand Weapons
 a - a +1 falchion (weapon)
Armour
 i - a +0 ring mail (worn)
Scrolls
 e - a scroll of remove curse {unknown}
 g - 4 scrolls of identify {unknown}
 j - a scroll of fog {unknown}
 k - a scroll of immolation {unknown}
Potions
 b - a potion of agility {unknown}
 f - a potion of curing {unknown}
 h - a potion of haste {unknown}
Comestibles
 c - 8 rations
 d - 4 chunks of flesh


   Skills:
 - Level 3.1 Fighting
 + Level 3.3 Long Blades
 - Level 1.8 Armour
 - Level 0.8 Dodging
 - Level 2.9 Invocations


You had 2 spell levels left.
You didn't know any spells.
Your spell library was empty.

Dungeon Overview and Level Annotations

Branches:
Dungeon (2/15)

Altars:

Annotations:
D:2 Terence


Innate Abilities, Weirdness & Mutations

Your flesh is cold resistant. (rC+)
You regenerate a little health from kills.


Message History

Terence hits you with a +0 falchion!
* * * LOW HITPOINT WARNING * * *
You closely miss Terence.
Terence is heavily wounded.
Terence hits you but does no damage.
You closely miss Terence.
Terence is heavily wounded.
Terence hits you but does no damage.
You closely miss Terence.
Terence is heavily wounded.
You are feeling hungry.
Terence closely misses you.
You riposte.
You closely miss Terence.
Terence is heavily wounded.
You hit Terence.
Terence is severely wounded.
Terence hits you but does no damage.
You hit Terence but do no damage.
Terence is severely wounded.
Terence hits you with a +0 falchion.
You die...

#......# #.#.#
#..###.# #.#.#
#..# #)####.#.# #
#..###........###
#....#...........
#.##.#.####.#####
#.##.#.# #.#####
##.##.#.# #......
#@.##.#.# #######
#..@#.#....#
#..###.....# #.#
##....# #.
#.....# #
#.##..## #.# #.##
## #.# .##


You could see Terence.

Vanquished Creatures
  An adder (D:2)
  3 dart slugs (D:1)
  5 bats (D:1)
  6 giant cockroaches
  4 goblins
  4 hobgoblins
  3 kobolds (D:1)
  A ball python (D:1)
  7 frilled lizards
  4 rats
38 creatures vanquished.

Notes
Turn   | Place    | Note
-------+----------+-------------------------------------------
     0 | Abyss:1  | Ceapi the Demonspawn Abyssal Knight began the quest for the
                  | Orb.
     0 | Abyss:1  | Reached XP level 1. HP: 18/18 MP: 2/2
     0 | D:1      | Escaped the Abyss
    11 | D:1      | Gained mutation: You regenerate a little health from kills.
                  | [demonic ancestry]
    11 | D:1      | Reached XP level 2. HP: 7/24 MP: 4/4
   458 | D:1      | Reached * piety under Lugonu
   573 | D:1      | Gained mutation: Your flesh is cold resistant. (rC+)
                  | [demonic ancestry]
   573 | D:1      | Reached XP level 3. HP: 29/29 MP: 5/5
  1259 | D:2      | Noticed Terence
  1286 | D:2      | HP: 1/29 [Terence/+0 falchion (8)]
  1291 | D:2      | Slain by Terence

Skill      XL: |  1  2  3 |
---------------+----------+-----
Long Blades    | 2 3 |  3.3
Fighting       | |  3.1
Armour         | |  1.8
Dodging        | |  0.8
Invocations    | |  2.9

Action                   || total
-------------------------++-------
Melee: Falchion          ||   131
Invok: Depart the Abyss  ||     1
  Eat: Chunk             ||     1
Armor: Leather armour    ||    40
       Ring mail         ||    22
Dodge: Dodged            ||    95
       Rpst.: Falchion   ||    31
